 Dungeon Crawl Stone Soup version 0.29.1-12-g30fa7ad0bf (webtiles) character file.

Game seed: 13443097309285816608

4174 cdecastro the Basher (level 10, 0/165 HPs)
             Began as an Ogre Berserker on Jan 19, 2023.
             Was a Priest of Trog.
             Succumbed to a killer bee's poison
             ... on level 8 of the Dungeon.
             The game lasted 00:14:06 (10554 turns).

cdecastro the Basher (Ogre Berserker)              Turns: 10554, Time: 00:14:06

Health: 0/165      AC:  5    Str: 27    XL:     10   Next: 28%
Magic:  10/10      EV: 10    Int:  8    God:    Trog [***...]
Gold:   408        SH:  0    Dex:  8    Spells: 9/9 levels left

rFire   + . .      SeeInvis .   h - +0 quarterstaff (speed)
rCold   . . .      Faith    .   (shield currently unavailable)
rNeg    . . .      Spirit   .   G - +2 robe {rF+}
rPois   +          Reflect  .   (helmet restricted)
rElec   .          Harm     .   (no cloak)
rCorr   .          Rampage  .   (gloves unavailable)
Will    +....                   (boots unavailable)
Stlth   ..........              (no amulet)
HPRegen 0.37/turn               r - ring of poison resistance
MPRegen 0.12/turn               (no ring)

@: berserking, lethally poisoned (0 -> -37), very quick
A: large, unfitting armour, tough skin 1
a: Renounce Religion, Berserk, Trog's Hand


You were on level 8 of the Dungeon.
You worshipped Trog.
Trog was most pleased with you.
You visited 2 branches of the dungeon, and saw 10 of its levels.

You collected 408 gold pieces.

Inventory:

Hand Weapons
 a - a +0 mace
 h - a +0 quarterstaff of speed (weapon)
 w - a +0 flail
 C - a +0 giant club
 F - a +0 whip of electrocution
Missiles
 g - 12 poisoned darts (quivered)
 t - 3 large rocks
 y - 4 javelins
 D - 6 boomerangs
 H - 6 curare-tipped darts
Armour
 b - a +0 animal skin
 G - a +2 robe of fire resistance (worn)
 N - +0 steam dragon scales
Magical Staves
 M - a staff of poison
Jewellery
 r - a ring of poison resistance (left hand)
 v - a +4 ring of evasion
 K - a ring of magical power
Wands
 A - a wand of light (19)
 L - a wand of iceblast (6)
Scrolls
 c - 4 scrolls of amnesia {unknown}
 d - 5 scrolls of enchant weapon {unknown}
 e - 3 scrolls of blinking {unknown}
 f - 3 scrolls of noise {unknown}
 k - 3 scrolls of vulnerability {unknown}
 m - 3 scrolls of identify {unknown}
 n - 2 scrolls of fog {unknown}
 o - a scroll of torment {unknown}
 p - 4 scrolls of teleportation {unknown}
 q - a scroll of enchant armour {unknown}
 u - a scroll of immolation {unknown}
 x - 2 scrolls of magic mapping {unknown}
Potions
 i - 2 potions of brilliance {unknown}
 j - 3 potions of attraction {unknown}
 l - a potion of berserk rage {unknown}
 s - a potion of mutation {unknown}
 z - a potion of heal wounds
 B - a potion of curing {unknown}
 E - a potion of lignification {unknown}
 I - a potion of cancellation {unknown}
 J - a potion of resistance {unknown}


   Skills:
 - Level 10.0 Fighting
 - Level 10.0 Maces & Flails
 + Level 4.2 Throwing
 - Level 2.6 Dodging
 - Level 5.0 Evocations


You had 9 spell levels left.
You didn't know any spells.
Your spell library contained the following spells:

 Spells                   Type           Power      Damage    Failure   Level
 Ensorcelled Hibernation  Hex/Ice        0%         N/A       54%         2
 Gell's Gravitas          Tloc           0%         N/A       78%         3
 Spider Form              Tmut/Pois      0%         N/A       78%         3
 Teleport Other           Tloc           0%         N/A       78%         3
 Anguish                  Hex/Necr       0%         N/A       99%         4
 Dispersal                Tloc           0%         N/A       100%        6


Dungeon Overview and Level Annotations

Branches:
Dungeon (9/15)             Temple (1/1) D:4
   Lair: D:8-11         Orc: D:9-12

Altars:
Ashenzari
Cheibriados
Dithmenos
Elyvilon
Fedhas
Hepliaklqana
Kikubaaqudgha
Makhleb
Nemelex Xobeh
Qazlal
Ru
Sif Muna
Trog
Uskayaw
Vehumet
Wu Jian
Xom
Yredelemnul
Zin
The Shining One

Shops:
D:3 [

Annotations:
D:6 2 transporters, alhimik's ghost, amateur TrMo


Innate Abilities, Weirdness & Mutations

You are too large for most types of armour.
You have tough skin. (AC +1)


Message History

The killer bee barely misses you. The killer bee stings you.
* * * LOW HITPOINT WARNING * * *
The killer bee barely misses you.
Unknown command.
You miss the killer bee.
You feel sick. The killer bee stings you!
* * * LOW HITPOINT WARNING * * *
The killer bee stings you.
* * * LOW HITPOINT WARNING * * *
The killer bee stings you.
* * * LOW HITPOINT WARNING * * *
Unknown command.
You closely miss the killer bee.
You feel very sick. The killer bee stings you.
* * * LOW HITPOINT WARNING * * *
The killer bee closely misses you. The killer bee stings you.
* * * LOW HITPOINT WARNING * * *
Unknown command.
You closely miss the killer bee.
You feel sick. The killer bee stings you.
* * * LOW HITPOINT WARNING * * *
You are lethally poisoned!
The killer bee poisons you! The killer bee stings you.
* * * LOW HITPOINT WARNING * * *
The killer bee stings you.
* * * LOW HITPOINT WARNING * * *
You are too berserk!
You miss the killer bee.
* * * LOW HITPOINT WARNING * * *
You feel very sick.
The killer bee stings you but does no damage.
The killer bee stings you.
* * * LOW HITPOINT WARNING * * *
You are more poisoned.
The killer bee poisons you! The killer bee stings you.
* * * LOW HITPOINT WARNING * * *
You are more poisoned.
The killer bee poisons you!
You hit the killer bee.
The killer bee is lightly wounded.
You die...

.........................#####...
#.####....................###.#..
#.# #.......................#...
..####.....##.#...#.##.##.##.##.#
.<...#.#.####)#...#.##.##.......#
####.#.#.# #.#...#.##.####..####
####.#.#.# #.#...#.##.####..#
.........# #.#yyy#.##.......#
.(...##### #...@...#######.##
#.#..# ###...### #.# # .....#
######...### #.##### ..#.##
#..........###### #...... ###.#
#..##...........######### ....#
#..##.............######
#########..##........##........#
#......###.......##...####.#
#.###..........#.##>....##.#


You could see 3 killer bees.

Vanquished Creatures
  Pikel (D:7)
  6 yaks
  2 steam dragons (D:8)
  Duvessa (D:4)
  2 water moccasins
  2 black bears
  An ice beast (D:7)
  A sky beast (D:8)
  An ogre (D:5)
  A centaur (D:6)
  3 phantoms (D:5)
  A kobold brigand (D:7)
  5 scorpions
  3 bullfrogs
  2 water moccasin zombies (D:5)
  Dowan (D:4)
  A killer bee (D:8)
  3 bullfrog zombies (D:5)
  4 jellies
  A centaur zombie (D:5)
  4 hounds
  A bullfrog skeleton (D:5)
  Jessica (D:2)
  2 iguanas
  2 orc wizards (D:6)
  2 hound zombies (D:5)
  A hound skeleton (D:5)
  3 gnolls (D:4)
  6 adders
  2 shadow imps
  4 white imps
  5 ufetubi
  2 worms
  5 dart slugs
  17 orcs
  5 ball pythons
  7 bats
  5 endoplasms
  2 giant cockroaches
  7 hobgoblins
  4 kobolds
  4 quokkas
  4 frilled lizards
  3 goblins
  4 rats
144 creatures vanquished.

Vanquished Creatures (others)
  6 plants (D:6)
  4 withered plants (D:5)
10 creatures vanquished.

Grand Total: 154 creatures vanquished

Notes
Turn   | Place    | Note
-------+----------+-------------------------------------------
     0 | D:1      | cdecastro the Ogre Berserker began the quest for the Orb.
     0 | D:1      | Reached XP level 1. HP: 24/24 MP: 1/1
   401 | D:1      | Reached XP level 2. HP: 19/32 MP: 2/2
  1038 | D:1      | Found a faded altar of an unknown god.
  1291 | D:2      | Reached XP level 3. HP: 39/39 MP: 3/3
  1550 | D:2      | Noticed Jessica
  1568 | D:2      | Killed Jessica
  1569 | D:2      | Reached XP level 4. HP: 48/48 MP: 4/4
  2285 | D:3      | Found a snail-covered altar of Cheibriados.
  2286 | D:3      | Found a broken altar of Ashenzari.
  2288 | D:3      | Found a shimmering blue altar of Sif Muna.
  2289 | D:3      | Found an ancient bone altar of Kikubaaqudgha.
  2334 | D:3      | Reached ** piety under Trog
  2778 | D:3      | Found Tojiwkag's Antique Armour Boutique.
  2856 | D:4      | Found a basalt altar of Yredelemnul.
  2856 | D:4      | Found a burning altar of Makhleb.
  2869 | D:4      | Reached skill level 5 in Maces & Flails
  2869 | D:4      | Reached XP level 5. HP: 32/54 MP: 5/5
  3046 | D:4      | Found a staircase to the Ecumenical Temple.
  3055 | Temple   | Entered the Ecumenical Temple
  3395 | D:4      | Noticed Duvessa
  3395 | D:4      | Noticed Dowan
  3404 | D:4      | Killed Duvessa
  3405 | D:4      | Reached XP level 6. HP: 62/62 MP: 6/6
  3409 | D:4      | Killed Dowan
  3772 | D:4      | Reached XP level 7. HP: 70/70 MP: 7/7
  3951 | D:4      | Found a white marble altar of Elyvilon.
  4047 | D:5      | Entered Level 5 of the Dungeon
  4683 | D:5      | Reached XP level 8. HP: 41/78 MP: 8/8
  5819 | D:5      | Noticed a shadow
  5820 | D:5      | Found a shadowy altar of Dithmenos.
  5821 | D:5      | Found a hazy altar of Hepliaklqana.
  6366 | D:6      | Reached *** piety under Trog
  6791 | D:6      | Reached skill level 10 in Maces & Flails
  7211 | D:6      | Reached skill level 5 in Fighting
  7702 | D:6      | Identified the +3 ring mail of the Burning Gods {rF++ rC-
                  | Dex+5}
  7702 | D:6      | Identified the +1 kite shield of Asceticism {rElec Stlth+}
  7716 | D:6      | Found a transporter.
  7722 | D:6      | Found a transporter.
  7746 | D:6      | Noticed alhimik's ghost (amateur TrMo)
  7856 | D:7      | Reached XP level 9. HP: 88/92 MP: 9/9
  8042 | D:7      | Noticed Pikel
  8057 | D:7      | Killed Pikel
  8298 | D:7      | Reached skill level 10 in Fighting
  8325 | D:6      | Reached skill level 1 in Evocations
  9359 | D:8      | Reached XP level 10. HP: 110/110 MP: 10/10
  9367 | D:8      | Reached skill level 5 in Evocations
  9662 | D:8      | Found an ornate altar of the Wu Jian Council.
 10553 | D:8      | HP: 4/165 [killer bee (6)]
 10554 | D:8      | Succumbed to a killer bee's poison

Illustrated notes

Levels and vault maps discovered:
D:1:      onia_arrival_mini_spirals, layout_basic,
          shapermc_ecumenical_altar_hornbeckon, interstate_on_off,
          minmay_statues_item, kennysheep_boxes
D:2:      layout_basic, uniq_jessica
D:3:      layout_loops_ring, mainiacjoe_overflow_alcove_3, serial_shops,
          nicolae_lakefront_shop, item_on_display_a
D:4:      layout_loops_ring, elyvilon_altar_1,
          mainiacjoe_overflow_large_starburst, minmay_temple_entry_hall,
          minmay_door_square, uniq_duvessa
D:5:      layout_layer_cave, riverfiend_overflow_shadow_ancestor, serial_undead,
          serial_undead_f, serial_undead_e, serial_undead_f, serial_undead_c,
          serial_undead_e, serial_undead_a
D:6:      layout_basic, gammafunk_ghost_gnarly_gnolls, serial_glass,
          glass_columns_b, glass_columns_a
D:7:      layout_loops_ring, minmay_quadrilaterals, uniq_pikel
D:8:      layout_loops_cross, nicolae_wu_jian_wuxing_cycle,
          kennysheep_another_room
D:9:      layout_irregular_city, mainiacjoe_overflow_tiny_flanked
Temple:   hellmonk_temple_beads

Skill      XL: |  1  2  3  4  5  6  7  8  9 10 |
---------------+-------------------------------+-----
Maces & Flails | 3 4 5 6 7 8 10 | 10.0
Fighting       | 6 10 | 10.0
Evocations     | 4 5 |  5.0
Throwing       | 4 |  4.2
Dodging        | |  2.6

Action                   |  1- 3 |  4- 6 |  7- 9 | 10-12 || total
-------------------------+-------+-------+-------+-------++-------
Melee: Mace              |    71 |       |       |       ||    71
       Quarterstaff      |    31 |   112 |   385 |    61 ||   589
Throw: Dart              |       |       |     2 |       ||     2
Invok: Berserk           |     1 |     4 |     8 |     1 ||    14
Armor: Animal skin       |    35 |    12 |    45 |       ||    92
       Robe              |       |       |    19 |    15 ||    34
Dodge: Dodged            |    48 |    43 |   160 |    24 ||   275
